 Dungeon Crawl Stone Soup version 0.21.1-1-g345015fe64 (webtiles) character file.

91 Gargoyl the Skirmisher (level 4, -5/41 HPs)
             Began as a Centaur Abyssal Knight on Apr 19, 2018.
             Was a Follower of Lugonu.
             Slain by a black mamba (7 damage)
             ... summoned by a worldbinder
             ... on level 3 of the Abyss.
             The game lasted 00:00:47 (80 turns).

Gargoyl the Skirmisher (Centaur Abyssal Knight)       Turns: 80, Time: 00:00:47

Health: -5/41      AC:  4    Str: 14    XL:     4   Next: 34%
Magic:  5/5        EV:  9    Int: 11    God:    Lugonu [*.....]
Gold:   0          SH:  0    Dex: 10    Spells: 3/3 levels left

rFire    . . .     SeeInvis .   a - +1 hand axe
rCold    . . .     Gourm    .   (no shield)
rNeg     . . .     Faith    .   b - +0 leather armour
rPois    .         Spirit   .   (no helmet)
rElec    .         Reflect  .   (no cloak)
rCorr    .         Harm     .   (no gloves)
MR       .....                  (no barding)
Stlth    ..........             (no amulet)
HPRegen  0.13/turn              (no ring)
MPRegen  0.09/turn              (no ring)

@: lethally poisoned (-5 -> -20), very quick
A: large, hooves 3, deformed body, speed 2, tough skin 3
a: Depart the Abyss, Renounce Religion


You were on level 3 of the Abyss.
You worshipped Lugonu.
Lugonu was aware of your devotion.
You were not hungry.

You visited 0 branches of the dungeon, and saw 0 of its levels.
You visited the Abyss 1 time.

Inventory:

Hand Weapons
 a - a +1 hand axe (weapon)
Armour
 b - a +0 leather armour (worn)
Wands
 e - a wand of random effects (38)
Comestibles
 c - a ration


   Skills:
 + Level 4.4 Fighting
 + Level 2.2 Axes
 + Level 1.8 Armour
 + Level 0.7 Dodging
 + Level 2.4 Invocations


You had 3 spell levels left.
You didn't know any spells.

Dungeon Overview and Level Annotations

Branches:
Dungeon (0/15)

Altars:


Innate Abilities, Weirdness & Mutations

You have hooves in place of feet.
Armour fits poorly on your strangely shaped body.
You cover ground very quickly.
You have extremely tough skin. (AC +3)


Message History

The worldbinder completely misses your flying skull.
The worldbinder misses your flying skull.
Your flying skull barely misses the bone dragon.
Your flying skull hits the bone dragon but does no damage.
The thrashing horror tramples your flying skull!
Your flying skull holds its ground!
The thrashing horror completely misses your flying skull.
The rime drake bites your flying skull but does no damage.
The black mamba bites you but does no damage.
Your flying skull hits the bone dragon.
Your flying skull misses the thrashing horror.
The bone dragon completely misses your flying skull.
The bone dragon claws your flying skull!
The bone dragon tramples your flying skull.
Your flying skull is shoved backwards!
* * * LOW HITPOINT WARNING * * *
You feel sick.
The thrashing horror completely misses your flying skull. x2
Your flying skull hits the bone dragon!
The black mamba bites you!
You die...

. .. ......
... ..#... .#.
2..... ..
#.xN... ## #.
S.Dk... ..
.#XDzz.∩.
..#.#.#zSz...#
......X@#
..##..§z#
#..##X. ....
§#.. ... . #..
.. $. ... . ..
.... ... ..(.


You could see 2 bone dragons, a starcursed mass, a shadow demon, a thrashing
horror, a worldbinder, 2 black mambas, a rime drake, a naga, a friendly large
abomination and 5 friendly flying skulls.

Vanquished Creatures (collateral kills)
  A raiju (Abyss:3)
1 creature vanquished.

Notes
Turn   | Place    | Note
-------+----------+-------------------------------------------
     0 | Abyss:1  | Gargoyl the Centaur Abyssal Knight began the quest for the Orb.
     0 | Abyss:1  | Reached XP level 1. HP: 19/19 MP: 2/2
    32 | Abyss:1  | Noticed a neqoxec
    67 | Abyss:3  | Noticed a raiju
    70 | Abyss:3  | Noticed a worldbinder
    73 | Abyss:3  | Noticed a thrashing horror
    73 | Abyss:3  | Killed a raiju
    73 | Abyss:3  | Reached skill level 4 in Fighting
    73 | Abyss:3  | Reached XP level 2. HP: 9/28 MP: 3/3
    73 | Abyss:3  | Reached XP level 3. HP: 11/34 MP: 4/4
    73 | Abyss:3  | Reached XP level 4. HP: 13/41 MP: 5/5
    74 | Abyss:3  | Noticed a bone dragon
    74 | Abyss:3  | Noticed a rime drake
    75 | Abyss:3  | Noticed a bone dragon
    76 | Abyss:3  | Noticed a black mamba
    78 | Abyss:3  | Noticed a shadow demon
    79 | Abyss:3  | Noticed a black mamba
    79 | Abyss:3  | Noticed a naga
    80 | Abyss:3  | Noticed a starcursed mass
    80 | Abyss:3  | HP: 2/41 [poisoned by a black mamba]
    80 | Abyss:3  | Slain by a black mamba

Skill      XL: |  1 |
---------------+----+-----
Fighting       | 4 |  4.4
Axes           | 2 |  2.2
Armour         | |  1.8
Dodging        | |  0.7
Invocations    | |  2.4

Action                   |  1- 3 |  4- 6 || total
-------------------------+-------+-------++-------
  Use: Scroll            |     1 |       ||     1
Armor: Leather armour    |     1 |     1 ||     2
Dodge: Dodged            |     1 |     1 ||     2
